 Dungeon Crawl Stone Soup version 0.31-a0-222-gefeffbb62a (webtiles) character file.

Game seed: 6625445478730260794

2390 qw the Skirmisher (level 9, -4/56 HPs)
             Began as a Gargoyle Hexslinger on July 4, 2023.
             Was an Initiate of Okawaru.
             Constricted to death by Joseph (8 damage)
             ... on level 8 of the Dungeon.
             The game lasted 00:03:34 (6766 turns).

qw the Skirmisher (Gargoyle Hexslinger)             Turns: 6766, Time: 00:03:34

Health: -4/56      AC: 12    Str: 16    XL:     9   Next: 46%
Magic:  9/9        EV: 12    Int: 13    God:    Okawaru [......]
Gold:   296        SH:  5    Dex: 26    Spells: 9/10 levels left

rFire   . . .        g - +0 arbalest
rCold   + + +        (shield currently unavailable)
rNeg    + . .        m - +3 robe "Hirghebeu" {Contam rC+++ Regen+ Str+5}
rPois   inf          (no helmet)
rElec   +            (no cloak)
rCorr   .            (no gloves)
SInv    .            c - +0 pair of boots
Will    .....        k - amulet of reflection
Stlth   ++           i - +6 ring of dexterity
HPRegen 1.09/turn    (no ring)
MPRegen 0.11/turn

%: reflection
@: grasped by roots, constricted
A: sickness immunity, AC +6, negative energy resistance 1, electricity
resistance, torment resistance 1, petrification resistance, hooves 1, agile 1,
low MP 1
a: Renounce Religion


You were on level 8 of the Dungeon.
You worshipped Okawaru.
Okawaru was noncommittal.
You visited 2 branches of the dungeon, and saw 9 of its levels.
You also visited: Sewer.

You collected 426 gold pieces.
You spent 130 gold pieces at shops.


Innate Abilities, Weirdness & Mutations

You are immune to sickness and miasma.
Your stone body is resilient. (AC +6)
You are immune to poison.
You resist negative energy. (rN+)
You are resistant to electric shocks. (rElec)
You are resistant to unholy torment.
You are immune to petrification.
You have large cloven feet.
You are agile. (Dex +4, Str/Int -1)
Your magical capacity is low. (-10% MP)


   Skills:
 + Level 6.5 Fighting
 - Level 10.0 Ranged Weapons
 - Level 1.0 Armour
 - Level 4.1 Dodging
 - Level 1.0 Spellcasting
 - Level 2.6 Hexes


You had 9 spell levels left.
You knew the following spells:

 Your Spells              Type           Power      Damage    Failure   Level
a - Slow                  Hex            28%        N/A       10%         1

Your spell library contained the following spells:

 Spells                   Type           Power      Damage    Failure   Level
 Inner Flame              Hex/Fire       4%         N/A       43%         3
 Portal Projectile        Hex/Tloc       8%         N/A       43%         3
 Cause Fear               Hex            3%         N/A       67%         4

Inventory:

Hand Weapons
 g - a +0 arbalest (weapon)
Armour
 c - a +0 pair of boots (worn)
 m - the +3 robe "Hirghebeu" (worn) {Contam rC+++ Regen+ Str+5}
   (You found it on level 4 of the Dungeon)

   Str:       It affects your strength (+5).
   rC:        It renders you almost immune to cold.
   Contam:    It causes magical contamination when unequipped.
   Regen:     It increases your rate of health regeneration.
Jewellery
 i - a +6 ring of dexterity (left hand)
 k - an amulet of reflection (around neck)
Scrolls
 a - 8 scrolls of identify
Potions
 d - 2 potions of mutation
 e - a potion of cancellation
 h - a potion of enlightenment
 l - 3 potions of haste
 o - 2 potions of might

Dungeon Overview and Level Annotations

Branches:
Dungeon (8/15)             Temple (1/1) D:7           Sewer (visited)
   Lair: D:8-11

Altars:
Ashenzari
Cheibriados
Dithmenos
Elyvilon
Fedhas
Gozag
Hepliaklqana
Kikubaaqudgha
Makhleb
Okawaru
Qazlal
Ru
Sif Muna
Trog
Uskayaw
Wu Jian
Xom
Yredelemnul

Shops:
D:7 :   D:8 (

Annotations:
D:4 1 runed translucent door, Crazy Yiuf
D:7 2 transporters, qw's ghost, novice GrFi
D:8 Joseph


Message History

Joseph is lightly wounded.
Joseph shoots a sling bullet.
The sling bullet closely misses you. The grasping roots constrict you.
Joseph shoots a sling bullet.
The sling bullet hits you but does no damage.
The grasping roots constrict you.
You shoot a bolt. The bolt barely misses Joseph.
Joseph shoots a sling bullet.
The sling bullet hits you! The grasping roots constrict you.
The grasping roots release their grip on you.
You shoot a bolt. The bolt hits Joseph!!
Joseph is heavily wounded.
Joseph shoots a sling bullet.
The sling bullet completely misses you.
You shoot a bolt. The bolt completely misses Joseph.
Joseph shoots a sling bullet.
The sling bullet hits you!
You shoot a bolt. The bolt hits Joseph.
Joseph is heavily wounded.
Joseph shoots a sling bullet.
The sling bullet hits you!
6762 ||| DRINKING 2 potions of heal wounds.
You feel much better.
Joseph shoots a sling bullet.
The sling bullet barely misses you.
You shoot a bolt. The bolt hits Joseph.
Joseph is severely wounded.
Joseph zaps a wand.
The roots erupt in riotous growth!
The grasping roots grab you! The grasping roots constrict you.
Joseph shoots a sling bullet.
The sling bullet hits you but does no damage.
The grasping roots constrict you!
You shoot a bolt. The bolt hits Joseph!!
Joseph is almost dead.
Joseph shoots a sling bullet.
The sling bullet hits you! The grasping roots constrict you.
6765 ||| DRINKING potion of heal wounds.
You feel much better.
A wight comes into view. It is wielding a +5 short sword.
The grasping roots constrict you.
You shoot a bolt. The bolt barely misses Joseph.
Joseph shoots a sling bullet.
The sling bullet hits you! The grasping roots constrict you.
Joseph shoots a sling bullet.
The sling bullet hits you! The grasping roots constrict you!
You die...

##.##..>.) ......
#.##.....# .....
....##.#..# ....##
##.......#.#. ....#
...#.........
...@####.##.........
#..##...##.........
##).....##.........
#.@........#.......
##..[......#####....
..##z..........#.......
.............###........
...#.....##### #.#.....#
## ####### #####.### ###


You could see Joseph and a wight.

Vanquished Creatures
  Maggie (D:7)
  A steam dragon (D:7)
  Menkaure (D:5)
  A water moccasin (D:7)
  Pargi (Sewer)
  2 ice beasts (D:5)
  A black bear (D:6)
  A sky beast (D:8)
  A centaur (D:7)
  A kobold brigand (D:8)
  A phantom (D:5)
  2 bullfrogs
  2 scorpions (D:5)
  4 gnoll boudas
  2 hounds
  4 orc priests
  Jessica (D:3)
  An iguana (D:5)
  5 orc wizards
  16 gnolls
  8 adders
  A white imp (D:8)
  2 worms
  16 orcs
  11 ball pythons
  7 endoplasms
  3 giant cockroaches
  10 goblins
  10 hobgoblins
  7 jackals
  6 quokkas
  8 bats
  8 frilled lizards
  15 kobolds
  10 rats
171 creatures vanquished.

Notes
Turn   | Place    | Note
-------+----------+-------------------------------------------
     0 | D:1      | qw the Gargoyle Hexslinger began the quest for the Orb.
     0 | D:1      | Reached XP level 1. HP: 12/12 MP: 2/2
     0 | D:1      | 0 ||| qw: Version: 0.3-a-46-gb1f654a
     0 | D:1      | 0 ||| qw: Game counter: 966
     0 | D:1      | 0 ||| qw: Melee chars always use a shield: true
     0 | D:1      | 0 ||| qw: God list: Okawaru
     0 | D:1      | 0 ||| qw: Allow faded altars: false
     0 | D:1      | 0 ||| qw: Do Orc after clearing Dungeon:15 true
     0 | D:1      | 0 ||| qw: Do second Lair branch before Depths: true
     0 | D:1      | 0 ||| qw: Lair rune preference: random
     0 | D:1      | 0 ||| qw: Goals: Normal
     0 | D:1      | 0 ||| PLANNING D:1-11
    63 | D:1      | 63 ||| DROPPING scroll of poison.
   267 | D:1      | Reached XP level 2. HP: 16/16 MP: 3/3
   333 | D:1      | Reached skill level 3 in Ranged Weapons
   391 | D:1      | Found a faded altar of an unknown god.
   491 | D:1      | 491 ||| READING 2 scrolls labelled PECIEVV ZAROAFF.
   805 | D:1      | Reached XP level 3. HP: 21/21 MP: 4/4
  1169 | D:1      | 1169 ||| UPGRADING to +0 leather armour.
  1187 | D:1      | 1187 ||| DROPPING +0 robe.
  1247 | D:1      | 1247 ||| DROPPING ring of magical power.
  1248 | D:1      | 1248 ||| READING scroll labelled APOUQ LYZIE.
  1422 | D:2      | Reached XP level 4. HP: 22/26 MP: 5/5
  1701 | D:2      | Reached skill level 4 in Ranged Weapons
  1984 | D:2      | 1984 ||| UPGRADING to +0 ring mail.
  1994 | D:2      | 1994 ||| DROPPING +0 leather armour.
  1995 | D:2      | 1995 ||| DROPPING amulet of magic regeneration.
  1996 | D:2      | 1996 ||| UPGRADING to amulet of reflection.
  2001 | D:2      | 2001 ||| READING scroll labelled WOLAVVUKEGG.
  2002 | D:2      | 2002 ||| READING 2 scrolls of identify.
  2002 | D:2      | 2002 ||| IDENTIFYING clear potion
  2061 | D:3      | Reached skill level 1 in Armour
  2188 | D:3      | 2188 ||| SWAPPING to +0 shortbow.
  2189 | D:3      | 2189 ||| DROPPING +1 sling.
  2251 | D:3      | Reached XP level 5. HP: 30/30 MP: 6/6
  2476 | D:3      | Noticed Jessica
  2490 | D:3      | Killed Jessica
  2491 | D:3      | Reached skill level 5 in Ranged Weapons
  2844 | D:3      | 2844 ||| UPGRADING to +0 pair of boots.
  2849 | D:3      | 2849 ||| UPGRADING to +6 ring of dexterity.
  2850 | D:3      | 2850 ||| READING scroll labelled ORHUMA XASUINWE.
  2851 | D:3      | 2851 ||| DRINKING 2 emerald potions.
  2852 | D:3      | 2852 ||| DRINKING 2 brown potions.
  2853 | D:3      | 2853 ||| DROPPING potion of brilliance.
  3043 | D:4      | Found a runed translucent door.
  3044 | D:4      | Noticed Crazy Yiuf
  3085 | D:4      | Identified the +3 robe "Hirghebeu" {Contam rC+++ Regen+
                  | Str+5}
  3112 | D:4      | Reached skill level 3 in Fighting
  3112 | D:4      | Reached XP level 6. HP: 38/38 MP: 7/7
  3321 | D:4      | Identified the +10 short sword "Nuytaema" {flame, rF+}
  3565 | D:4      | 3565 ||| UPGRADING to +3 robe "Hirghebeu" {Contam rC+++
                  | Regen+ Str+5}.
  3575 | D:4      | 3575 ||| DROPPING +0 ring mail.
  3576 | D:4      | 3576 ||| DROPPING amulet of the acrobat.
  3577 | D:4      | 3577 ||| DRINKING 2 sapphire potions.
  3577 | D:4      | Gained mutation: Your magical capacity is low. (-10% MP)
                  | [potion of mutation]
  3577 | D:4      | Gained mutation: Armour fits poorly on your strangely
                  | shaped body. [potion of mutation]
  3577 | D:4      | Gained mutation: You occasionally lose the ability to read
                  | scrolls when taking damage. [potion of mutation]
  3577 | D:4      | Gained mutation: You have large cloven feet. [potion of
                  | mutation]
  3578 | D:4      | 3578 ||| DRINKING potion of mutation.
  3578 | D:4      | Lost mutation: Armour fits poorly on your strangely shaped
                  | body. [potion of mutation]
  3578 | D:4      | Lost mutation: You occasionally lose the ability to read
                  | scrolls when taking damage. [potion of mutation]
  3578 | D:4      | Gained mutation: You are agile. (Dex +4, Str/Int -1)
                  | [potion of mutation]
  3579 | D:4      | 3579 ||| READING 2 scrolls of identify.
  3579 | D:4      | 3579 ||| IDENTIFYING viscous orange potion
  3580 | D:4      | 3580 ||| DROPPING potion of degeneration.
  3623 | D:5      | Entered Level 5 of the Dungeon
  3624 | D:5      | 3624 ||| PLANNING SEWER
  3678 | D:5      | Noticed Menkaure
  3687 | D:5      | Killed Menkaure
  3735 | D:5      | Noticed an ice beast
  3743 | D:5      | Killed an ice beast
  3744 | D:5      | Reached XP level 7. HP: 41/42 MP: 7/7
  3791 | D:5      | Reached skill level 6 in Ranged Weapons
  3825 | D:5      | Found a hazy altar of Hepliaklqana.
  3825 | D:5      | Found a white marble altar of Elyvilon.
  4119 | D:5      | Reached skill level 7 in Ranged Weapons
  4119 | D:5      | Reached XP level 8. HP: 48/48 MP: 8/8
  4218 | D:5      | Found a glowing drain.
  4219 | D:5      | 4219 ||| READING scroll labelled URUC PANERO.
  4220 | D:5      | 4220 ||| DRINKING 2 dark potions.
  4221 | D:5      | 4221 ||| DRINKING 2 golden potions.
  4222 | D:5      | 4222 ||| DRINKING 2 puce potions.
  4223 | D:5      | 4223 ||| READING 2 scrolls of identify.
  4223 | D:5      | 4223 ||| IDENTIFYING purple potion
  4229 | Sewer    | Entered a sewer
  4296 | Sewer    | Noticed Pargi
  4297 | Sewer    | 4297 ||| Stepping ~*~*~tactically~*~*~ (water).
  4299 | Sewer    | 4299 ||| Stepping ~*~*~tactically~*~*~ (water).
  4301 | Sewer    | 4301 ||| Stepping ~*~*~tactically~*~*~ (water).
  4303 | Sewer    | 4303 ||| Stepping ~*~*~tactically~*~*~ (water).
  4305 | Sewer    | 4305 ||| Stepping ~*~*~tactically~*~*~ (water).
  4307 | Sewer    | 4307 ||| Stepping ~*~*~tactically~*~*~ (water).
  4314 | Sewer    | Killed Pargi
  4317 | Sewer    | 4317 ||| Stepping ~*~*~tactically~*~*~ (water).
  4350 | Sewer    | 4350 ||| READING scroll labelled KARRU EMEESS.
  4374 | D:5      | 4374 ||| PLANNING D:1-11
  4614 | D:5      | Found a shimmering blue altar of Sif Muna.
  4933 | D:6      | Reached skill level 8 in Ranged Weapons
  4958 | D:6      | Reached skill level 3 in Dodging
  4962 | D:6      | Found a shimmering altar of Xom.
  5111 | D:6      | Found a blossoming altar of Fedhas.
  5164 | D:6      | 5164 ||| Stepping ~*~*~tactically~*~*~ (outnumbered).
  5167 | D:6      | 5167 ||| Stepping ~*~*~tactically~*~*~ (outnumbered).
  5173 | D:6      | 5173 ||| Stepping ~*~*~tactically~*~*~ (outnumbered).
  5182 | D:6      | 5182 ||| Stepping ~*~*~tactically~*~*~ (outnumbered).
  5192 | D:6      | 5192 ||| FLEEEEING.
  5614 | D:6      | 5614 ||| READING 2 scrolls of identify.
  5614 | D:6      | 5614 ||| IDENTIFYING grey potion
  5615 | D:6      | 5615 ||| DROPPING potion of invisibility.
  5651 | D:7      | 5651 ||| Stepping ~*~*~tactically~*~*~ (cloud).
  5662 | D:7      | Reached skill level 9 in Ranged Weapons
  5830 | D:7      | Found Elloeb Aket's Tiny Tomes.
  5857 | D:7      | Found a transporter.
  5870 | D:7      | Noticed qw's ghost (novice GrFi)
  5872 | D:7      | 5872 ||| Stepping ~*~*~tactically~*~*~ (outnumbered).
  5874 | D:7      | 5874 ||| Stepping ~*~*~tactically~*~*~ (outnumbered).
  5884 | D:7      | Reached skill level 6 in Fighting
  5887 | D:7      | Identified the +0 leather armour "Rydocouwn" {Dex+4}
  5903 | D:7      | Reached XP level 9. HP: 53/55 MP: 9/9
  5915 | D:7      | Noticed Maggie
  5926 | D:7      | Killed Maggie
  5935 | D:7      | Reached skill level 10 in Ranged Weapons
  6048 | D:7      | Found a staircase to the Ecumenical Temple.
  6049 | D:7      | 6049 ||| PLANNING TEMPLE
  6089 | D:7      | Found a transporter.
  6179 | D:7      | 6179 ||| READING scroll labelled RUHYQI KOUSCH.
  6180 | D:7      | 6180 ||| DRINKING 2 silvery potions.
  6181 | D:7      | 6181 ||| DRINKING potion of curing.
  6181 | D:7      | 6181 ||| (to cure confusion)
  6182 | D:7      | 6182 ||| DROPPING potion of ambrosia.
  6225 | D:8      | 6225 ||| STAIRDANCE
  6330 | D:7      | 6330 ||| SWAPPING to +0 orcbow.
  6331 | D:7      | 6331 ||| DROPPING +1 shortbow.
  6335 | D:8      | 6335 ||| STAIRDANCE
  6349 | D:8      | 6349 ||| STAIRDANCE
  6476 | Temple   | Entered the Ecumenical Temple
  6477 | Temple   | 6477 ||| PLANNING OKAWARU WORSHIP
  6529 | Temple   | Became a worshipper of Warmaster Okawaru
  6530 | Temple   | 6530 ||| PLANNING D:1-11
  6552 | D:8      | Found Xoukh's Antique Weapon Shop.
  6560 | D:8      | 6560 ||| BUYING arbalest (130 gold).
  6560 | D:8      | Bought an arbalest for 130 gold pieces
  6560 | D:8      | 6560 ||| SWAPPING to +0 arbalest.
  6561 | D:8      | 6561 ||| DROPPING +0 orcbow.
  6582 | D:8      | 6582 ||| Stepping ~*~*~tactically~*~*~ (outnumbered).
  6684 | D:8      | 6684 ||| Stepping ~*~*~tactically~*~*~ (outnumbered).
  6752 | D:8      | Noticed Joseph
  6761 | D:8      | HP: 10/56 [Joseph/sling bullet (7)]
  6762 | D:8      | 6762 ||| DRINKING 2 potions of heal wounds.
  6764 | D:8      | HP: 3/56 [constriction (3)]
  6765 | D:8      | 6765 ||| DRINKING potion of heal wounds.
  6766 | D:8      | Constricted to death by Joseph

Levels and vault maps discovered:
D:1:      tarquinn_simple_flora_water_c, layout_rooms,
          hellmonk_ecumenical_altar_lost_god, serial_co_window_serial,
          co_window_corner_a, co_window_cross_1, co_window_corner_a,
          co_window_paths_a, co_window_paths_b, co_window_of_opportunity_b,
          co_window_paths_c, co_window_broadway_a, co_window_4corner_b,
          co_window_4corner_a, glass_columns_a, glass_columns_b,
          glass_columns_a, glass_columns_c, chequers_serial_rivers_micro_d
D:2:      wad_lake_hut, layout_basic
D:3:      layout_loops_ring, chequers_garden, ebering_dispersal_statue_hall,
          uniq_jessica
D:4:      layout_gridville, uniq_crazy_yiuf_cottage
D:5:      layout_layer_cave, marbit_many_paths,
          mainiacjoe_overflow_large_starburst, portal_sewer_entry_e,
          serial_bayou_ford_a, uniq_menkaure
D:6:      layout_basic, xom_teletrap_fun, fedhas_altar_3
D:7:      layout_basic, minmay_temple_entry_from_below_a,
          gammafunk_ghost_stat_death, nicolae_shop_i_like_small_books_too,
          uniq_maggie
D:8:      layout_cave_pools, gammafunk_ghost_arena, serial_shops, shop,
          uniq_joseph
Temple:   cyrus_circular_temple

Skill      XL: |  1  2  3  4  5  6  7  8  9 |
---------------+----------------------------+-----
Ranged Weapons | 3 4 5 7 9 10 | 10.0
Fighting       | 2 3 4 6 |  6.5
Armour         | 1 |  1.0
Dodging        | 2 3 4 |  4.1
Spellcasting   | |  1.0
Hexes          | |  2.6

Action                     |  1- 3 |  4- 6 |  7- 9 || total
---------------------------+-------+-------+-------++-------
   Fire: Sling             |   165 |    70 |       ||   235
         Shortbow          |       |   165 |   277 ||   442
         Arbalest          |       |       |    58 ||    58
         Orcbow            |       |       |    15 ||    15
    Use: Scroll            |     2 |     4 |     5 ||    11
         Potion            |       |     4 |     7 ||    11
 Armour: Robe              |    32 |     2 |    77 ||   111
         Leather armour    |    10 |    15 |       ||    25
         Ring mail         |       |    35 |       ||    35
  Dodge: Dodged            |    99 |    60 |   136 ||   295
  Block: Other             |       |    22 |    43 ||    65
         Reflection        |       |     4 |     1 ||     5

Table legend:
 A = Non-vault XP
 B = Vault XP
 C = Vault XP percentage of total XP
 D = Non-vault monster count
 E = Vault monster count
 F = Vault count percentage of total count
                 A         B        C        D         E       F
            +---------+---------+-------+---------+---------+-------
      Total |    2687 |     728 |  21.3 |     160 |      11 |   6.4
            +---------+---------+-------+---------+---------+-------
        D:1 |      53 |       0 |   0.0 |      34 |       0 |   0.0
        D:2 |      76 |       0 |   0.0 |      24 |       0 |   0.0
        D:3 |      79 |      37 |  31.9 |      19 |       1 |   5.0
        D:4 |     118 |       0 |   0.0 |      16 |       0 |   0.0
        D:5 |     751 |     175 |  18.9 |      14 |       2 |  12.5
        D:6 |     365 |       0 |   0.0 |      12 |       0 |   0.0
        D:7 |     792 |     356 |  31.0 |      20 |       1 |   4.8
        D:8 |     453 |       0 |   0.0 |      21 |       0 |   0.0
      Sewer |       0 |     160 | 100.0 |       0 |       7 | 100.0
            +---------+---------+-------+---------+---------+-------
